 Dungeon Crawl Stone Soup version 0.30-a0-540-g0af01429fa (webtiles) character file.

Game seed: 2586818918724807681

371 oldriver the Sneak (level 6, -5/56 HPs)
             Began as a Naga Artificer on Dec 26, 2022.
             Killed from afar by a white imp (7 damage)
             ... with a puff of frost
             ... on level 4 of the Dungeon.
             The game lasted 00:10:16 (5017 turns).

oldriver the Sneak (Naga Artificer)                 Turns: 5017, Time: 00:10:18

Health: -5/56      AC:  5    Str: 20    XL:     6   Next: 71%
Magic:  6/6        EV: 10    Int: 11    God:
Gold:   112        SH:  0    Dex: 14    Spells: 5/5 levels left

rFire   + . .      SeeInvis +    b - +0 dagger (freeze)
rCold   . . .      Faith    .    (no shield)
rNeg    + . .      Spirit   .    k - +1 leather armour {rF+}
rPois   +          Reflect  .    (no helmet)
rElec   .          Harm     .    (no cloak)
rCorr   .          Rampage  .    a - +0 pair of gloves
Will    .....                    (no barding)
Stlth   +++                      (no amulet)
HPRegen 0.29/turn                l - +6 ring of strength
MPRegen 0.10/turn                s - ring of positive energy

@: very slow
A: AC +2, large, see invisible, deformed body, poison resistance, slowness 2,
spit poison 1, naga tail 1
a: Spit Poison


You were on level 4 of the Dungeon.
You visited 1 branch of the dungeon, and saw 4 of its levels.
You also visited: Sewer.

You collected 112 gold pieces.

Inventory:

Hand Weapons
 b - a +0 dagger of freezing (weapon)
Missiles
 j - 23 poisoned darts
 o - 6 boomerangs
Armour
 a - a +0 pair of gloves (worn)
 k - a +1 leather armour of fire resistance (worn)
Jewellery
 l - a +6 ring of strength (left hand)
 s - a ring of positive energy (right hand)
Wands
 d - a wand of charming (11)
 e - a wand of iceblast (4)
Scrolls
 t - a scroll of blinking
Potions
 g - a potion of resistance
 h - a potion of curing {unknown}
 i - a potion of lignification
 m - 2 potions of cancellation {unknown}
 n - a potion of heal wounds {unknown}
 p - 3 potions of might {unknown}
 q - a potion of brilliance {unknown}
 r - a potion of haste {unknown}


   Skills:
 + Level 3.2 Fighting
 + Level 2.3 Short Blades
 + Level 0.8 Throwing
 - Level 1.5 Armour
 - Level 2.1 Dodging
 + Level 6.7 Stealth
 - Level 3.0 Evocations


You had 5 spell levels left.
You didn't know any spells.
Your spell library contained the following spells:

 Spells                   Type           Power      Damage    Failure   Level
 Shock                    Conj/Air       0%         1d3       38%         1
 Swiftness                Air            0%         N/A       77%         3
 Airstrike                Air            0%         2d(0-16)  99%         4


Dungeon Overview and Level Annotations

Branches:
Dungeon (4/15)              Sewer (visited)
 Temple: D:4-7

Altars:
Xom

Annotations:
D:4 Dowan, Robin


Innate Abilities, Weirdness & Mutations

Your serpentine skin is tough. (AC +2)
You have supernaturally acute eyesight. (SInv)
Armour fits poorly on your strangely shaped body.
Your system is resistant to poisons. (rPois)
You cover ground very slowly.
You can spit poison.
You have a snake-like lower body.


Message History

You hit the white imp but do no damage.
The white imp is heavily wounded.
The white imp gestures at you. The puff of frost hits you!
* * * LOW HITPOINT WARNING * * *
You hit the white imp but do no damage.
The white imp is heavily wounded.
You hit the white imp.
The white imp is severely wounded.
The white imp puffs mist at you. The white imp gestures at you.
The puff of frost misses you.
You hit the white imp.
The white imp is severely wounded.
The white imp gestures at you. The puff of frost misses you.
Aiming: Spit Poison (1% risk of failure)
Press: ? - help, Shift-Dir - straight line, f/p - white imp
Aim: a white imp (severely wounded, 59% to hit)
The splash of poison hits the white imp.
The white imp is almost dead.
The white imp hits you but does no damage.
You closely miss the white imp.
The white imp is almost dead.
The white imp hits you.
* * * LOW HITPOINT WARNING * * *
The white imp freezes you.
* * * LOW HITPOINT WARNING * * *
You barely miss the white imp.
The white imp is almost dead.
The white imp hits you.
* * * LOW HITPOINT WARNING * * *
The white imp freezes you.
* * * LOW HITPOINT WARNING * * *
You barely miss the white imp.
The white imp is almost dead.
You have got your breath back.
The white imp gestures at you. The puff of frost hits you!
You die...

#### ####### #..
.......##.#
#########
.........#
#<.......
#......#
#.#######
#....!.#####.#
#([((((5@....#
#.(......#######
..(.....[.#
##.###.##.# # #.
#(# #. #.# #.
#.. .. ...


You could see a white imp.

Vanquished Creatures
  An ice beast (D:4)
  A kobold brigand (Sewer)
  3 adders
  4 gnolls (D:3)
  5 river rats
  A white imp (D:4)
  2 worms (D:3)
  A dart slug (D:1)
  An orc (D:2)
  8 bats
  4 endoplasms
  6 giant cockroaches
  9 goblins
  5 hobgoblins
  3 quokkas (D:1)
  12 ball pythons
  2 frilled lizards
  17 kobolds
  23 rats
108 creatures vanquished.

Vanquished Creatures (collateral kills)
  4 kobolds (Sewer)
4 creatures vanquished.

Vanquished Creatures (others)
  A kobold (Sewer)
1 creature vanquished.

Grand Total: 113 creatures vanquished

Notes
Turn   | Place    | Note
-------+----------+-------------------------------------------
     0 | D:1      | oldriver the Naga Artificer began the quest for the Orb.
     0 | D:1      | Reached XP level 1. HP: 18/18 MP: 1/1
    40 | D:1      | Reached skill level 2 in Stealth
    86 | D:1      | Reached skill level 1 in Dodging
    94 | D:1      | Reached XP level 2. HP: 16/25 MP: 2/2
   183 | D:1      | Reached skill level 3 in Stealth
   599 | D:1      | Reached XP level 3. HP: 31/31 MP: 3/3
  1252 | D:2      | Found a faded altar of an unknown god.
  1305 | D:2      | Reached skill level 4 in Stealth
  1710 | D:3      | Reached XP level 4. HP: 39/39 MP: 4/4
  1798 | D:3      | Found a glowing drain.
  1811 | D:3      | Reached skill level 1 in Short Blades
  1884 | Sewer    | Entered a sewer
  2259 | Sewer    | Reached skill level 5 in Stealth
  2259 | Sewer    | Reached XP level 5. HP: 44/45 MP: 5/5
  2800 | Sewer    | Noticed a kobold brigand
  2859 | Sewer    | Killed a kobold brigand
  3195 | D:3      | Reached skill level 6 in Stealth
  3195 | D:3      | Reached XP level 6. HP: 55/55 MP: 6/6
  3440 | D:3      | Found a shimmering altar of Xom.
  4564 | D:4      | Noticed an ice beast
  4626 | D:4      | Killed an ice beast
  4643 | D:4      | Noticed Robin
  4780 | D:4      | Noticed Dowan
  5016 | D:4      | HP: 1/56 [white imp (3)]
  5017 | D:4      | Killed from afar by a white imp

Illustrated notes

Levels and vault maps discovered:
D:1:      enne_arrival_octagon_isle, layout_basic
D:2:      layout_basic, hellmonk_ecumenical_altar_prayer_group
D:3:      layout_basic, general_overflow_altar, lightli_sewer_entry_pipes
D:4:      layout_loops_ring, temple_statues, grunt_ministairs_8, uniq_robin,
          uniq_duvessa, uniq_grinder, uniq_natasha

Skill      XL: |  1  2  3  4  5  6 |
---------------+-------------------+-----
Stealth        | 2 3 4 5 6 |  6.7
Dodging        | 1 2 |  2.1
Fighting       | 2 3 |  3.2
Short Blades   | 1 2 |  2.3
Throwing       | |  0.8
Armour         | |  1.5
Evocations     | |  3.0

Action                   |  1- 3 |  4- 6 || total
-------------------------+-------+-------++-------
Melee: Club              |    39 |       ||    39
       Punch             |     3 |     2 ||     5
       Dagger            |    48 |   216 ||   264
Throw: Dart              |       |     9 ||     9
       Boomerang         |       |     2 ||     2
 Abil: Spit Poison       |    40 |    43 ||    83
Evoke: Wand              |     3 |    17 ||    20
  Use: Scroll            |       |     8 ||     8
       Potion            |       |     3 ||     3
 Stab: Sleeping          |     1 |     1 ||     2
       Distracted        |     1 |       ||     1
Armor: Leather armour    |    37 |    75 ||   112
       Skin              |       |    48 ||    48
Dodge: Dodged            |    55 |   122 ||   177

Table legend: (Time is in decaauts)
 A = Elapsed time spent in this place.
 B = Non-inter-level travel time spent in this place.
 C = Inter-level travel time spent in this place.
 D = Time resting spent in this place.
 E = Time spent auto-exploring this place.
 F = Levels seen in this place.
 G = Mean time per level.
                   A        B        C        D        E       F      G
               +--------+--------+--------+--------+--------+-----+--------+
         Total |   6068 |   5698 |    370 |   1721 |   2759 |   5 | 1213.6 |
       Dungeon |   4632 |   4262 |    370 |    992 |   2403 |   4 | 1158.0 |
         Sewer |   1435 |   1435 |      0 |    729 |    356 |   1 | 1435.0 |
               +--------+--------+--------+--------+--------+-----+--------+

Top non-repeatable levels by time:
     D:3: 1775 daAuts
   Sewer: 1435 daAuts
     D:2: 1209 daAuts
     D:1: 1165 daAuts
     D:4: 483 daAuts
